 Dungeon Crawl Stone Soup version 0.29-a0-284-gf9362112df (webtiles) character file.

Game seed: 12191646558186301528

112 silky the Cudgeller (level 4, -11/42 HPs)
             Began as a Minotaur Chaos Knight on Mar 30, 2022.
             Was a Plaything of Xom.
             Mangled by a red devil
             ... wielding a +0 demon trident of electrocution
             ... summoned by Xom
              (13 damage)
             ... on level 3 of the Dungeon.
             The game lasted 00:05:20 (2478 turns).

silky the Cudgeller (Minotaur Chaos Knight)         Turns: 2478, Time: 00:05:20

Health: -11/42     AC:  8    Str: 18 (19) XL:     4   Next: 63%
Magic:  3/3        EV: 11    Int:  9      God:    Xom [......]
Gold:   86         SH:  0    Dex:  8 (9)  Spells: 0/3 levels left

rFire   . . .      SeeInvis .   a - +0 mace (chaos)
rCold   . . .      Faith    .   (no shield)
rNeg    . . .      Spirit   .   b - +2 leather armour
rPois   .          Reflect  .   (helmet unavailable)
rElec   .          Harm     .   (no cloak)
rCorr   .          Rampage  .   (no gloves)
Will    +....                   k - +0 pair of boots
Stlth   +.........              (no amulet)
HPRegen 0.14/turn               f - ring of willpower
MPRegen 0.08/turn               (no ring)

@: spiked, attractive, unable to read
A: horns 3, retaliatory headbutt, iridescent scales 1, inability to read while
threatened
a: Renounce Religion


You were on level 3 of the Dungeon.
You worshipped Xom.
You were a very special plaything of Xom.
You visited 1 branch of the dungeon, and saw 3 of its levels.

You collected 86 gold pieces.

Inventory:

Hand Weapons
 a - a +0 mace of chaos (weapon)
 m - a +0 morningstar
Armour
 b - a +2 leather armour (worn)
 k - a +0 pair of boots (worn)
Jewellery
 f - a ring of willpower (left hand)
Scrolls
 d - 2 scrolls of identify {unknown}
 e - a scroll of amnesia {unknown}
 g - 3 scrolls of fog {unknown}
 l - a scroll of teleportation {unknown}
Potions
 h - a potion of attraction
 j - a potion of degeneration
 n - a potion of magic {unknown}
 o - a potion of curing
Miscellaneous
 c - a piece from Xom's chessboard (15/15) (quivered)


   Skills:
 + Level 5.0 Fighting
 + Level 5.0 Maces & Flails
 + Level 3.0 Armour
 + Level 1.7 Dodging
 + Level 0.2 Stealth


You couldn't memorise any spells.
You knew the following spells:

 Your Spells              Type           Power      Damage    Failure   Level
a - Teleport Other        Tloc           0%         N/A       82%         3

Your spell library contained the following spells:

 Spells                   Type           Power      Damage    Failure   Level
 Gell's Gravitas          Tloc           0%         N/A       82%         3
 Dispersal                Tloc           0%         N/A       100%        6


Dungeon Overview and Level Annotations

Branches:
Dungeon (3/15)

Altars:

Shops:
D:1 :   D:3 :


Innate Abilities, Weirdness & Mutations

You have a pair of large horns on your head.
You reflexively headbutt those who attack you in melee.
You are partially covered in iridescent scales. (AC +2)
You sometimes lose the ability to read scrolls when taking damage.


Message History

Things that are here:
a +0 dagger; a goblin corpse You hit the rat but do no damage.
The rat bites you but does no damage.
You hit the rat.
You kill the rat!
You see here a rat corpse.
Things that are here:
a +0 dagger; a goblin corpse
Items here: )) ††.
Items here: )) ††.
There is an entrance to Qoloucyr's Book Emporium here.
HP restored.
Found a stone staircase leading down.
n - a fizzy white potion
o - a potion of curing "Fight to survive, mortal."
As you read the scroll labelled GEHOLAU HOOJAE, it crumbles to dust.
Your body is wracked with pain!
It was a scroll of torment.
The red devil hits you with a +0 demon trident of electrocution!
You feel threatened and lose the ability to read scrolls!
Barbed spikes become lodged in your body.
You are electrocuted!
* * * LOW HITPOINT WARNING * * *
The crimson imp blinks!
Unknown command.
It was a potion of attraction.
You feel attractive to monsters.
Xom thinks this is hilarious!
The iron imp closely misses you. You furiously retaliate!
You headbutt the iron imp.
The red devil hits you with a +0 demon trident of electrocution.
* * * LOW HITPOINT WARNING * * *
Barbed spikes become lodged in your body.
The crimson imp is attracted toward you.
You sock the red devil! You freeze the red devil.
The red devil is heavily wounded.
The iron imp barely misses you.
The red devil hits you with a +0 demon trident of electrocution!
You die...
Xom roars with laughter!

..
###########....
#....##.§......
#....##@#
#.....54#
#....5### #...§.#
#....## ..
#....#######.# ##
#....#........
..#####.........#
...###..........


You could see a red devil (summoned), an iron imp (summoned) and a crimson imp
(summoned).

Vanquished Creatures
  An iguana (D:2)
  4 gnolls
  2 worms (D:2)
  A dart slug (D:1)
  4 orcs (D:2)
  2 endoplasms
  4 giant cockroaches
  4 goblins
  5 hobgoblins
  A quokka (D:2)
  A ball python (D:2)
  2 bats (D:1)
  A frilled lizard (D:2)
  5 rats
37 creatures vanquished.

Vanquished Creatures (collateral kills)
  A goblin (D:2)
1 creature vanquished.

Vanquished Creatures (others)
  2 gnolls (D:3)
2 creatures vanquished.

Grand Total: 40 creatures vanquished

Notes
Turn   | Place    | Note
-------+----------+-------------------------------------------
     0 | D:1      | silky the Minotaur Chaos Knight began the quest for the
                  | Orb.
     0 | D:1      | Reached XP level 1. HP: 19/19 MP: 0/0
    26 | D:1      | Found a faded altar of an unknown god.
   216 | D:1      | Found Donues's Book Emporium.
   279 | D:1      | Reached XP level 2. HP: 24/27 MP: 1/1
   425 | D:1      | XOM is BORED!
   498 | D:1      | XOM: scenery: 1 doors close
   586 | D:2      | XOM: cast spell 'Summon Small Mammal'
   721 | D:2      | Reached XP level 3. HP: 34/34 MP: 2/2
   893 | D:2      | XOM: divination: detect items
   993 | D:2      | XOM: silly message
  1322 | D:2      | XOM: 2-stop teleportation journey
  1348 | D:2      | Gained mutation: You are partially covered in iridescent
                  | scales. (AC +2) [potion of mutation]
  1348 | D:2      | Gained mutation: You sometimes lose the ability to read
                  | scrolls when taking damage. [potion of mutation]
  1348 | D:2      | Gained mutation: You have a pair of large horns on your
                  | head. [potion of mutation]
  1452 | D:2      | Reached XP level 4. HP: 13/41 MP: 3/3
  1739 | D:2      | XOM: 10-stop teleportation journey
  1857 | D:2      | Learned a level 3 spell: Teleport Other
  1917 | D:2      | XOM: smoke on damage
  2316 | D:3      | Found Qoloucyr's Book Emporium.
  2322 | D:3      | XOM: divine lightning
  2340 | D:3      | Reached skill level 5 in Fighting
  2340 | D:3      | Reached skill level 5 in Maces & Flails
  2475 | D:3      | XOM: summons 3 hostile demons
  2476 | D:3      | Noticed a red devil
  2477 | D:3      | HP: 2/42 [red devil/+0 demon trident of electrocution[Xom]
                  | (3)]
  2478 | D:3      | Mangled by a red devil

Illustrated notes

Levels and vault maps discovered:
D:1:      giann_horns, layout_basic, serial_shops, shop, basic_ecumenical_altar
D:2:      layout_basic, roderic_st_hans_cross, chequers_serial_rivers_micro_a,
          dk_vineyard_2
D:3:      layout_rooms, nicolae_overflow_squiral, serial_shops,
          nicolae_diamond_shop, ebering_ghost_reflecting_pool, uniq_jessica

Skill      XL: |  1  2  3  4 |
---------------+-------------+-----
Fighting       | 4 5 |  5.0
Maces & Flails | 4 5 |  5.0
Armour         | 3 |  3.0
Dodging        | |  1.7
Stealth        | |  0.2

Action                   |  1- 3 |  4- 6 || total
-------------------------+-------+-------++-------
Melee: Mace              |    66 |    25 ||    91
       Headbutt          |     5 |     4 ||     9
       Punch             |     1 |       ||     1
  Use: Potion            |     4 |     1 ||     5
       Scroll            |       |     1 ||     1
Armor: Leather armour    |    16 |    10 ||    26
Dodge: Dodged            |    52 |    15 ||    67

Table legend: (Time is in decaauts)
 A = Elapsed time spent in this place.
 B = Non-inter-level travel time spent in this place.
 C = Inter-level travel time spent in this place.
 D = Time resting spent in this place.
 E = Time spent auto-exploring this place.
 F = Levels seen in this place.
 G = Mean time per level.
                   A        B        C        D        E       F      G
               +--------+--------+--------+--------+--------+-----+--------+
         Total |   2494 |   2473 |     21 |     67 |   1964 |   3 |  831.3 |
       Dungeon |   2494 |   2473 |     21 |     67 |   1964 |   3 |  831.3 |
               +--------+--------+--------+--------+--------+-----+--------+

Top non-repeatable levels by time:
     D:2: 1732 daAuts
     D:1: 585 daAuts
     D:3: 177 daAuts
